Workbook
Name список: Лист1!$B$3:$B$8

Sheet Информация о Чемпионате
A3: Компетенция (основная/юниоры) | B3: Фармацевтика (основная)
A4: Наименование этапа Чемпионата | B4: Финал Чемпионата по профессиональному мастерству "Профессионалы" 2026 г. Санкт-Петербург
A5: Субъект РФ (регион проведения) | B5: Санкт-Петербург
A6: Базовая организация расположения конкурсной площадки | B6: г. Санкт-Петербург
A7: Адрес конкурсной площадки | B7: г. Санкт-Петербург, Конгрессно-выставочный комплекс Экспофорум, ш. Петербургское, д. 64, к. 1
A8: Даты проведения | B8: 29.11.2026 - 04.12.2026
A9: Главный эксперт | B9: Щегольков Димитрий Александрович
A10: Электронная почта ГЭ | B10: 21401@mail.ru
A11: Моб.телефон ГЭ | B11: 79213892823
A12: Технический администратор площадки | B12: Домрачева Надежда Автандиловна
A13: Электронная почта ТАП | B13: nadezhda.domracheva@spbfarmt.ru
A14: Моб.телефон ТАП | B14: 79046412370
A15: Количество конкурсантов | B15: 15
A16: Количество рабочих мест | B16: 5
A17: Количество экспертов (ГЭ+ЭН+ИЭ)+ТАП+Технический ассистент ТАП | B17: 22
B18: ГЭ-1, ЭН-15, ИЭ-3, ТАП-1, Тех.ассистент-ТАП-2
A20: ЭН - эксперт-наставник
A21: ГЭ - главный эксперт
A22: ИЭ - индустриальный эксперт
A23: ТАП - технический администратор площадки
A24: Технический ассистент ТАП

Sheet Общая инфраструктура
A1: ПРОЕКТ
A2: Инфраструктурный лист для оснащения конкурсной площадки
A3: ='Информация о Чемпионате'!B4 -> Финал Чемпионата по профессиональному мастерству "Профессионалы" 2026 г. Санкт-Петербург
A4: по компетенции
A5: ='Информация о Чемпионате'!B3 -> Фармацевтика (основная)
A6: Основная информация о конкурсной площадке:
A7: Субъект Российской Федерации: | C7: ='Информация о Чемпионате'!B5 -> Санкт-Петербург
A8: Базовая организация расположения конкурсной площадки: | D8: ='Информация о Чемпионате'!B6 -> г. Санкт-Петербург
A9: Адрес базовой организации: | C9: ='Информация о Чемпионате'!B7 -> г. Санкт-Петербург, Конгрессно-выставочный комплекс Экспофорум, ш. Петербургское, д. 64, к. 1
A10: Главный эксперт: | C10: ='Информация о Чемпионате'!B9 -> Щегольков Димитрий Александрович | E10: ='Информация о Чемпионате'!B10 -> 21401@mail.ru | G10: ='Информация о Чемпионате'!B11 -> 79213892823
A11: Технический администратор площадки: | C11: ='Информация о Чемпионате'!B12 -> Домрачева Надежда Автандиловна | E11: ='Информация о Чемпионате'!B13 -> nadezhda.domracheva@spbfarmt.ru | G11: ='Информация о Чемпионате'!B14 -> 79046412370
A12: Количество экспертов (ЭН+ГЭ+ИЭ) + ТАП: | C12: ='Информация о Чемпионате'!B17 -> 22
A13: Количество конкурсантов: | C13: ='Информация о Чемпионате'!B15 -> 15
A14: Количество рабочих мест: | C14: ='Информация о Чемпионате'!B16 -> 5
A15: Даты проведения: | C15: ='Информация о Чемпионате'!B8 -> 29.11.2026 - 04.12.2026
A16: Общая/брифинг зона конкурсной площадки (оборудование, инструмент, мебель)
A17: Требования к обеспечению зоны (коммуникации, площадь, сети, количество рабочих мест и др.):
A18: Площадь зоны: не менее 300 кв.м.
A19: Освещение: Допустимо верхнее искусственное освещение ( не менее 300 люкс)
A20: Интернет : Подключение ноутбуков к проводному интернету.
A21: Локальная сеть: требуется; скорость подключения 100 Мбит/с; количество точек подключений в соответствии с планом застройки
A22: Скорость подключения к локальному - основной канал на скорости до 100 Мбит/с, по резервному каналу на скорости до 100 Мбит/с
A23: Электричество: 220В, в соответствии с планом застройки подключений общей инфраструктуры
A24: Контур заземления для электропитания и сети слаботочных подключений (при необходимости) : требуется/не требуется
A25: Покрытие пола: линолиум - 300 кв.м на всю зону
A26: Подведение/ отведение ГХВС: требуется, наличие горячей воды ОБЯЗАТЕЛЬНО.
A27: Подведение сжатого воздуха (при необходимости): не требуется
... A29: Особые требования к площадке проведения (из правил компетенции): наличие горчей вода на площадке, наличие внутренней локальной ПРОВОДНОЙ одноранговой сети между всей компьютерной техникой для корректной работы ПО. Застройка комнаты для хранения наркотических средств и психотропных веществ (НС и ПВ): Дверь: Имитация металлической противопожарной или усиленной двери (можно использовать облегченный металлический лист по деревянному каркасу, чтобы отрабатывали открывание/закрывание с использованием двух ключей). Замки: Устанавливаются два навесных или врезных замка разного типа (сувальдный и дисковый), чтобы учились различать ключи и вести отдельный реестр ключей. Особенность: На двери закреплена табличка «Помещение для хранения наркотических средств и психотропных веществ. Категория 1» 2. Сигнализация (чемпионатный варинат): Устанавливается макет охранно-пожарной сигнализации (светозвуковой блок «Сирена» + клавиатура для снятия/постановки на охрану).
A30: № | B30: Наименование | C30: Краткие (рамочные) технические характеристики | D30: Вид | E30: Количество на одного участника | F30: Единица измерения | G30: Итоговое количество | H30: Рекомендации представителей индустрии (указывается конкретное оборудование) | I30: Ориентировочная стоимость за 1 шт.
A31: 1 | B31: Телевизор | C31: Диагональ не менее 65" (165 см) телевизор с возможностью крепления к стойке передвижной | D31: IT-оборудование | E31: 1 | F31: шт. | G31: 2 | I31: 30000
A32: 2 | B32: Стойка | C32: Стойка для крепления телевизора с полкой для ноутбука | D32: Мебель | E32: 1 | F32: шт. | G32: 2
A33: 3 | B33: Ноутбук | C33: Все характеристики не ниже: диагональ экрана 15'6; процессор: 2.2ГГц, intel Core i5 11400H или эквивалент; оперативная память: 16ГБ DDR4; хранилище: 512 SSD; видеокарта: 4 гб, GeForce RTX 3050Ti или эквивалент; предустановленная ОС: Win11/10. ОБЗАТЕЛЬНО наличие проводного разъёма для локальной сети RJ-45. | D33: IT-оборудование | E33: 1 | F33: шт. | G33: 2
A34: 4 | B34: Кликер для презентаций | C34: Дистанионный переключатель слайдов | D34: IT-оборудование | E34: 1 | F34: шт. | G34: 2
A35: 5 | B35: Электронные часы | C35: Часы на треноге с возможностью установки таймера, секундомера, минимальный размер размер 97×8×23 см | D35: IT-оборудование | E35: 1 | F35: шт. | G35: 4
A36: 6 | B36: Сетевой хаб | C36: Для организации одноранговой сети. Для подключения 22 компьютеров | D36: IT-оборудование | E36: 1 | F36: шт. | G36: 1
A37: 7 | B37: Мышь компьютерная | C37: оптическая, проводная, с разрешением в диапазоне от 800 до 1600 dpi | D37: IT-оборудование | E37: 1 | F37: шт. | G37: 2
A38: 8 | B38: Кабель HDMI | C38: HDMI-HDMI, 3м | D38: IT-оборудование | E38: 1 | F38: шт. | G38: 2
A39: 9 | B39: Сетевой фильтр | C39: 6 розеток, длина кабеля 5м | D39: IT-оборудование | E39: 1 | F39: шт. | G39: 2
A40: 10 | B40: Стол | C40: 1400х700х750 мм | D40: Мебель | E40: 1 | F40: шт. | G40: 2
A41: 11 | B41: Стул | C41: Cтул офисный со спинкой на ножках | D41: Мебель | E41: 1 | F41: шт. | G41: 16
A42: 12 | B42: Стол с химически стойким покрытием | C42: Для работы с красящими веществами | D42: Мебель | E42: 1 | F42: шт. | G42: 1
A43: 13 | B43: Кулер для воды 19 л. | C43: Кулер с функцией холодная/горячая вода | D43: Оборудование и инструменты | E43: 1 | F43: шт. | G43: 2
... A47: 17 | B47: Cтол для документов | C47: Белый, прямой письменный стол с любой площадью столешницы, которая позволит организовать удобное место для размещения журналов и приходной документации на модуль | D47: Мебель | E47: 1 | F47: шт | G47: 9
A48: 18 | B48: Гигрометр для учета параметров температуры и влажности в помещении | C48: термогигрометр электронный, с поверкой | D48: Оборудование | E48: 1 на модуль | F48: шт | G48: 4
A49: 19 | B49: Раковина с локтевым смесителем на 1 чашу | C49: Стол-мойка / Раковина с локтевым смесителем на 1 чашу | D49: Мебель | E49: 1 на модуль | F49: шт | G49: 3
A50: 20 | B50: Диспенсер/пульвелизатор для дезинфицирующих средств | C50: Диспенсер/пульвелизатор для дезинфицирующих средств | D50: Основное оборудование | E50: 1 | F50: шт | G50: 20
A51: 21 | B51: Диспенсер для жидкого мыла | C51: Дозатор для жидкого мыла сенсорный или с локтевым приводом | D51: Основное оборудование | E51: 1 | F51: шт | G51: 3
A52: 22 | B52: Полотенцедержатель | C52: Диспенсер для бумажных полотенец | D52: Основное оборудование | E52: 1 на модуль | F52: шт | G52: 4
A53: 23 | B53: Водяная баня | C53: Минимум на 5 чашек | D53: Оборудование и инструменты | E53: 1 | F53: шт | G53: 1
A54: 24 | B54: Холодильник 2-15°С | C54: Холодильник фармацевтический 2-15°С | D54: Оборудование и инструменты | E54: 1 | F54: шт | G54: 6
A55: 25 | B55: Термометр для учета параметров микроклимата холодильного оборудования | C55: Термометр для холодильника с поверкой, диапазон работы от -30°С до + 30°С. | D55: Оборудование и инструменты | E55: 2 на 1 холодильник | F55: шт | G55: 12
A56: 26 | B56: Стеллаж | C56: Стеллаж белого цвета для размещения лекарственных препаратов с дверцами | D56: Мебель | E56: 1 | F56: шт | G56: 25
A57: 27 | B57: Металлический шкаф для хранения | C57: Металлический шкаф предназначен для размещения и хранения лекарственных препаратов списка ПКУ и прекурсоры ВхШхГ, мм 1655х700х320 | D57: Оборудование и инструменты | E57: 1 | F57: шт | G57: 3
A58: 28 | B58: Поддон | C58: Поддон пластиковый под коробки с медикаментами | D58: Оборудование и инструменты | E58: 1 | F58: шт. | G58: 7
A59: 29 | B59: Лоток | C59: Лоток для хранения телефонов участников | D59: Оборудование и инструменты | E59: 1 | F59: шт | G59: 4
A60: 30 | B60: Термоконтейнер с хладоэлементами | C60: Термоконтейнер медицинский с хладоэлементами для кратковременного хранения термолабильных препаратов | D60: Оборудование и инструменты | E60: 1 | F60: шт | G60: 5
A61: 31 | B61: Шкаф для лабораторной посуды | C61: Светлого цвета шкаф для лабораторной посуды, размер 800х450х1950 | D61: Мебель | E61: 1 | F61: шт | G61: 3
A62: 32 | B62: Шкаф для субстанций | C62: Светлого цвета шкаф для субстанций, размер 800х450х1950 | D62: Мебель | E62: 1 | F62: шт | G62: 2
A63: 33 | B63: Цифровая информационная Стелла компетенции | C63: Габаритный размер 2500мм*1000мм* 150мм, Материалы изготовления каркаса должны соответствовать ГОСТ, СНИП, Сан ПИН для проведения массовых мероприятий, Визуальное оформление выполнено в соответствии с фирменным стилем мероприятия. Включает профессиональную панель с экраном высокой яркости с диагональю 55˝, оснащённый матрицей Ultra НD и поддерживающий работу в режиме 24/7. Служит для демонстрации мультимедийного контента в общественных зонах . Экран: 55”, 60 Гц, яркость — 500 нит, разрешение — 3840×2160; Чипсет: ARM Cortex A55 × 4 или эквивалент; Память: RAM — 4 Гб, ROM — 32 Гб; Динамики: Формат звука — 2.1, количество — 2 × 10 Вт; Поддерживаемые интерфейсы: USB-C IN × 1, HDMI IN × 2, HDMI OUT × 1 (4k@30 Hz, 2.3), AUDIO OUT × 1, SPDIF OUT × 1, USB 2.0 × 1, USB 3.0 × 1, RS232 × 1 , RJ45 × 1 (10/100/1000M). Материалы изготовления каркаса соответствуют ГОСТ, СНИП, Сан ПИН для проведения массовых мероприятий. | D63: IT-оборудование | E63: 1 | F63: шт. | G63: 1
A64: Программное обеспечение
A65: 1 | B65: Офисный пакет приложений | C65: Набор программных продуктов, которые предназначены для обработки на компьютере документов в электронном формате. | D65: ПО | E65: 1 | F65: шт. | G65: 2
A66: Комната Конкурсантов (оборудование, инструмент, мебель) (по количеству конкурсантов)
A67: Требования к обеспечению зоны (коммуникации, площадь, сети, количество рабочих мест и др.):
A68: Площадь зоны: не менее 28 кв.м.
A69: Освещение: Допустимо верхнее искусственное освещение ( не менее 300 люкс)
A70: Интернет : не требуется
A71: Локальная сеть: не требуется
A72: Скорость подключения к локальному/беспроводному интернету - основной канал на скорости до 100 Мбит/с, по резервному каналу на скорости до 100 Мбит/с
A73: Электричество: подключений общей инфраструктуры в соответствии с планом застройки
A74: Контур заземления для электропитания и сети слаботочных подключений (при необходимости) : не требуется
A75: Покрытие пола: линолиум - 28 кв.м на всю зону
A76: Подведение/ отведение ГХВС (при необходимости): не требуется
A77: Подведение сжатого воздуха (при необходимости):не требуется
... A79: Особые требования к площадке проведения (из правил компетенции) нет
A80: № | B80: Наименование | C80: Краткие (рамочные) технические характеристики | D80: Вид | E80: Количество на одного участника | F80: Единица измерения | G80: Итоговое количество | H80: Рекомендации представителей индустрии (указывается конкретное оборудование) | I80: Ориентировочная стоимость за 1 шт.
A81: 1 | B81: Стол | C81: Белый, не менее: 1400х700х750 мм | D81: Мебель | E81: 1 | F81: шт. | G81: 8
A82: 2 | B82: Стул | C82: Cтул офисный со спинкой на ножках | D82: Мебель | E82: 1 | F82: шт. | G82: 16
A83: 3 | B83: Шкаф | C83: Шкафчики с замком на 4 ящика для вещей | D83: Мебель | E83: 1 | F83: шт. | G83: 4
A84: 4 | B84: Вешалка гардеробная | C84: Вешалка напольная; 15 крючка | D84: Мебель | E84: 1 | F84: шт. | G84: 1
A85: Комната Волонтеров/Актеров (оборудование, инструмент, мебель) (по количеству волонтеров)
A86: Требования к обеспечению зоны (коммуникации, площадь, сети, количество рабочих мест и др.):
A87: Площадь зоны: не менее 10 кв.м.
A88: Освещение: Допустимо верхнее искусственное освещение ( не менее 300 люкс)
A89: Интернет : нет
A90: Локальная сеть: не требуется
A91: Скорость подключения к локальному/беспроводному интернету - не требуется
A92: Электричество: подключений общей инфраструктуры в соответствии с планом застройки
A93: Контур заземления для электропитания и сети слаботочных подключений (при необходимости) : не требуется
A94: Покрытие пола: линолиум - 10 кв.м на всю зону
A95: Подведение/ отведение ГХВС не требуется
A96: Подведение сжатого воздуха не требуется
... A98: Особые требования к площадке проведения (из правил компетенции) нет
A99: № | B99: Наименование | C99: Краткие (рамочные) технические характеристики | D99: Вид | E99: Количество на одного участника | F99: Единица измерения | G99: Итоговое количество | H99: Рекомендации представителей индустрии (указывается конкретное оборудование) | I99: Ориентировочная стоимость за 1 шт.
A100: 1 | B100: Стол | C100: Белый, не менее: 1400х650х750 мм | D100: Мебель | E100: 1 | F100: шт. | G100: 3
A101: 2 | B101: Стул | C101: Cтул офисный со спинкой на ножках | D101: Мебель | E101: 1 | F101: шт. | G101: 5
A102: 3 | B102: Вешалка гардеробная | C102: Вешалка напольная | D102: Мебель | E102: 1 | F102: шт. | G102: 1
A103: Комната Экспертов (включая комнату Главного эксперта) (оборудование, инструмент, мебель) (по количеству экспертов)
A104: Требования к обеспечению зоны (коммуникации, площадь, сети, количество рабочих мест и др.):
A105: Площадь зоны: не менее 50 кв.м.
A106: Освещение: Допустимо верхнее искусственное освещение ( не менее 300 люкс)
...

Sheet Рабочее место конкурсантов
A1: ПРОЕКТ
A2: Инфраструктурный лист для оснащения конкурсной площадки
A3: ='Информация о Чемпионате'!B4 -> Финал Чемпионата по профессиональному мастерству "Профессионалы" 2026 г. Санкт-Петербург
A4: по компетенции
A5: ='Информация о Чемпионате'!B3 -> Фармацевтика (основная)
A6: Основная информация о конкурсной площадке:
A7: Субъект Российской Федерации: | C7: ='Информация о Чемпионате'!B5 -> Санкт-Петербург
A8: Базовая организация расположения конкурсной площадки: | D8: ='Информация о Чемпионате'!B6 -> г. Санкт-Петербург
A9: Адрес базовой организации: | C9: ='Информация о Чемпионате'!B7 -> г. Санкт-Петербург, Конгрессно-выставочный комплекс Экспофорум, ш. Петербургское, д. 64, к. 1
A10: Главный эксперт: | C10: ='Информация о Чемпионате'!B9 -> Щегольков Димитрий Александрович | E10: ='Информация о Чемпионате'!B10 -> 21401@mail.ru | G10: ='Информация о Чемпионате'!B11 -> 79213892823
A11: Технический администратор площадки: | C11: ='Информация о Чемпионате'!B12 -> Домрачева Надежда Автандиловна | E11: ='Информация о Чемпионате'!B13 -> nadezhda.domracheva@spbfarmt.ru | G11: ='Информация о Чемпионате'!B14 -> 79046412370
A12: Количество экспертов (ЭН+ГЭ+ИЭ) + ТАП: | C12: ='Информация о Чемпионате'!B17 -> 22
A13: Количество конкурсантов: | C13: ='Информация о Чемпионате'!B15 -> 15
A14: Количество рабочих мест: | C14: ='Информация о Чемпионате'!B16 -> 5
A15: Даты проведения: | C15: ='Информация о Чемпионате'!B8 -> 29.11.2026 - 04.12.2026
A16: Рабочее место Конкурсанта (основное оборудование, вспомогательное оборудование, инструмент (по количеству рабочих мест))
A17: Требования к обеспечению зоны (коммуникации, площадь, сети, количество рабочих мест и др.):
A18: Площадь зоны: не менее 220 кв.м.
A19: Освещение: Допустимо верхнее искусственное освещение ( не менее 300 люкс)
A20: Интернет : Подключение ноутбуков к проводному интернету
A21: Локальная сеть: требуется; скорость подключения 100 Мбит/с; количество точек подключения 20
A22: Скорость подключения к локальному интернету - основной канал на скорости до 100 Мбит/с, по резервному каналу на скорости до 100 Мбит/с
A23: Электричество: подключений к сети 220 Вольт на РМ конкурсантов в соответсвии с планом застройки
A24: Контур заземления для электропитания и сети слаботочных подключений: не требуется
A25: Покрытие пола: линолиум - 220 кв.м на всю зону
A26: Подведение/отведение ГХВС (при необходимости): водопровод на 1 рабочее место для участника горячая, холодная. Канализация для мытья лабораторной посуды.
A27: Подведение сжатого воздуха (при необходимости): не требуется
A28: Обеспечение приточно-вытяжной вентиляцией: не требуется
A29: ='[1]Общая инфраструктура'!A29:I29 -> Особые требования к площадке проведения (из правил компетенции): наличие горчей вода на площадке, наличие внутренней локальной ПРОВОДНОЙ одноранговой сети между всей компьютерной техникой для корректной работы ПО. Застройка комнаты для хранения наркотических средств и психотропных веществ (НС и ПВ): Дверь: Имитация металлической противопожарной или усиленной двери (можно использовать облегченный металлический лист по деревянному каркасу, чтобы отрабатывали открывание/закрывание с использованием двух ключей). Замки: Устанавливаются два навесных или врезных замка разного типа (сувальдный и дисковый), чтобы учились различать ключи и вести отдельный реестр ключей. Особенность: На двери закреплена табличка «Помещение для хранения наркотических средств и психотропных веществ. Категория 1» 2. Сигнализация (чемпионатный варинат): Устанавливается макет охранно-пожарной сигнализации (светозвуковой блок «Сирена» + клавиатура для снятия/постановки на охрану).
A30: № | B30: Наименование | C30: Краткие (рамочные) технические характеристики | D30: Вид | E30: Количество на одного конкурсанта | F30: Единица измерения | G30: Итоговое количество | H30: Рекомендации представителей индустрии (указывается конкретное оборудование) | I30: Ориентировочная стоимость за 1 шт.
A31: 1 | B31: Аптечная программа Касса и Склад | C31: Программа, которая позволяет вести складской учет. Программа позволяет вести учёт лекарственных средств с последующем выводом отчётов об окончании срока годности препаратов, количестве израсходованных медикаментов за выбранный период времени и наличия медикаментов. Осуществляющая возможность приходования поступившего товара, создающая акт о расхождении и возвратные накладные, имитирующая весь процесс первичного учета и продажей лекарственных препаратов в аптеке. Учебная версия. | D31: ПО | E31: 1 | F31: шт | G31: 15
A32: 2 | B32: Стол | C32: Белого цвета. Размер не менее: 1400х650х750 мм | D32: Мебель | E32: 10 | F32: шт | G32: 10
A33: 3 | B33: Стул | C33: Cтул офисный со спинкой на ножках | D33: Мебель | E33: 20 | F33: шт | G33: 20
A34: 4 | B34: Ноутбук | C34: Ноутбук с выходом в интернет, по локальной сети с загруженной аптечной программой Кросс-Аптека в формате симуляции для осуществления ведения первичного учета в аптечной организации (программа склад и касса) Все характеристики не ниже: диагональ экрана 15'6; процессор: 2.2ГГц, intel Core i5 11400H или эквивалент; оперативная память: 16ГБ DDR4; хранилище: 512 SSD; видеокарта: 4 гб, GeForce RTX 3050Ti или эквивалент; предустановленная ОС: Win11/10. ОБЗАТЕЛЬНО наличие проводного разъёма для локальной сети RJ-45. | D34: Оборудование IT | E34: 1 | F34: шт | G34: 15
A35: 5 | B35: Компьютерная мышь | C35: Тип мыши -мышь компьютерная, подходит как проводная так и беспроводная любой модели, удобная для работы за компьютером. | D35: Оборудование IT | E35: 1 | F35: шт | G35: 15
A36: 6 | B36: Весы ручные с разновесом ВР-1 | C36: Весы аптечные ручные | D36: Оборудование и инструменты | E36: 2 | F36: 2 шт. на раб. место | G36: 10
A37: 7 | B37: Весы ручные с разновесом ВР-5 | C37: Весы аптечные ручные | D37: Оборудование и инструменты | E37: 2 | F37: 2 шт. на раб. место | G37: 10
A38: 8 | B38: Весы ручные с разновесом ВР-20 | C38: Весы аптечные ручные | D38: Оборудование и инструменты | E38: 1 | F38: 1 шт. на раб. место | G38: 5
A39: 9 | B39: Разновес для ручных весов | C39: Комплект разновесов | D39: Оборудование и инструменты | E39: 2 | F39: шт | G39: 10
A40: 10 | B40: Весы электронные лабораторные 0,01-500 гр. | C40: Точность-0,01 гр.; максимальный вес-500 гр.; элементы питания-ААА или АА; функция вычета тары-есть; автоматическое отключение-есть | D40: Оборудование и инструменты | E40: 2 | F40: шт | G40: 10
A41: 11 | B41: Ступка с пестиком № 4 | C41: Фарфоровая ступка № 4 | D41: Оборудование и инструменты | E41: 2 | F41: шт | G41: 10
A42: 12 | B42: Ступка с пестиком № 5 | C42: Фарфоровая ступка № 5 ГОСТ 9147-80, 120мм для тонкого измельчения твердых веществ и тщательного перемешивания нескольких веществ | D42: Оборудование и инструменты | E42: 2 | F42: шт | G42: 10
... A69: 39 | B69: Стакан из термостойкого стекла, 400 мл | C69: Стакан из термостойкого стекла, 400 мл | D69: Оборудование и инструменты | E69: 2 | F69: шт ( на 1 раб.место) | G69: 10
A70: 40 | B70: Предметные стекла | C70: Предметные стекла | D70: Расходные материалы | E70: 1 уп 50 шт | F70: 5 уп на всех | G70: 5
A71: 41 | B71: Чашки выпарительные 100 мл | C71: Чашка выпарительная фаянсовая №3 | D71: Оборудование и инструменты | E71: 5 | F71: шт ( на 1 раб.место) | G71: 25
A72: 42 | B72: Штанглас с водой очищенной, 500 мл | C72: Емкость из толстого прозрачного стекла с притертой крышкой | D72: Оборудование и инструменты | E72: 2 | F72: шт ( на 1 раб.место) | G72: 10
A73: 43 | B73: Лоток под чистую/грязную посуду | C73: Лоток прямоугольный п/с, 350*250*80 мм | D73: Оборудование и инструменты | E73: 2 | F73: шт ( на 1 участника) | G73: 30
A74: 44 | B74: Калькулятор | C74: 12-ти разрядный настольный калькулятор | D74: Оборудование и инструменты | E74: 4 | F74: шт ( на 1 модуль) | G74: 20
A75: 45 | B75: Стол лабораторный с надстройкой | C75: Свелый стол лабораторный с химически стойким покрытием, с надстройкой, надстройка лабораторная с двумя полками с химически стойким покрытием и освещением, размер 1200х850х600 | D75: Мебель | E75: 1 | F75: шт. | G75: 6
A76: 46 | B76: Ведро педальное | C76: Ведро-контейнер оборудовано педалью для открывания, объем 30 л | D76: Оборудование и инструменты | E76: 1 | F76: шт ( на 1 раб.место) | G76: 5
A77: 47 | B77: Витрина с кассовым модулем (сканер, терминал, ноутбук). | C77: Витрина аптечная и кассовый модуль, минимальный размер витрины 2000х850х500, кассового модуля 1000х800х1200 Программа аптечная. | D77: Мебель | E77: 1 | F77: шт ( на 1 раб.место) | G77: 5
A78: 48 | B78: Шкаф аптечный с ящиками для хранения медикаментов в торговом зале | C78: Шкаф для аптеки для размещения и хранения большого ассортимента аптечного товара, минимальный размер 2100х900х450 | D78: Мебель | E78: 2 | F78: шт ( на 1 раб.место) | G78: 10
A79: 49 | B79: Фискальный регистратор | C79: Контрольно-кассовый терминал любой марки сочетает в себе удобство использования, компактность и функциональность. Этот бюджетный фискальный регистратор работает с лентой шириной 57 мм без(с) автоматического отрезчика и позволяет осуществлять как наличный, так и безналичный расчет с клиентами. Он будет удобен для использования в любых торговых предприятиях, организациях сфер общественного питания и услуг. | D79: Оборудование и инструменты | E79: 1 | F79: шт ( на 1 раб.место) | G79: 5
A80: 50 | B80: Сканер штрих-кода | C80: Сканер штрих-кодов разного формата как 14-ти значных так и QR-кодов любой модели | D80: Оборудование и инструменты | E80: 2 | F80: шт ( на 1 раб.место) | G80: 10
A81: 51 | B81: Набор печатей и штампов | C81: Рецепт не действителен №5, лекарственный препарат отпущен №5 | D81: Оборудование и инструменты | E81: 1 | F81: шт ( на 1 раб.место) | G81: 5
A82: 52 | B82: Стол | C82: Не менее 1400х650х750 мм | D82: Мебель | E82: 1 | F82: шт. | G82: 5
A83: 53 | B83: Корзинки для перемещения лекарств или контейнеры для хранения | C83: Корзина пластиковая Габариты не менее: 440×305×200 мм | D83: Оборудование и инструменты | E83: 3 | F83: шт | G83: 15
A84: Охрана труда
A85: № | B85: Наименование | C85: Краткие (рамочные) технические характеристики | D85: Вид | E85: Количество на одного конкурсанта | F85: Единица измерения | G85: Итоговое количество | H85: Рекомендации представителей индустрии (указывается конкретное оборудование) | I85: Ориентировочная стоимость за 1 шт.
A86: 1 | B86: Аптечка | C86: Аптечка первой помощи универсальная | D86: Охрана труда | E86: 1 | F86: шт. | G86: 1
A87: 2 | B87: Огнетушитель | C87: Огнетушитель пенный | D87: Охрана труда | E87: 1 | F87: шт. | G87: 1

Sheet Расходные материалы
A1: ПРОЕКТ
A2: Инфраструктурный лист для оснащения конкурсной площадки
A3: ='Информация о Чемпионате'!B4 -> Финал Чемпионата по профессиональному мастерству "Профессионалы" 2026 г. Санкт-Петербург
A4: по компетенции
A5: ='Информация о Чемпионате'!B3 -> Фармацевтика (основная)
A6: Основная информация о конкурсной площадке:
A7: Субъект Российской Федерации: | C7: ='Информация о Чемпионате'!B5 -> Санкт-Петербург
A8: Базовая организация расположения конкурсной площадки: | D8: ='Информация о Чемпионате'!B6 -> г. Санкт-Петербург
A9: Адрес базовой организации: | C9: ='Информация о Чемпионате'!B7 -> г. Санкт-Петербург, Конгрессно-выставочный комплекс Экспофорум, ш. Петербургское, д. 64, к. 1
A10: Главный эксперт: | C10: ='Информация о Чемпионате'!B9 -> Щегольков Димитрий Александрович | E10: ='Информация о Чемпионате'!B10 -> 21401@mail.ru | G10: ='Информация о Чемпионате'!B11 -> 79213892823
A11: Технический администратор площадки: | C11: ='Информация о Чемпионате'!B12 -> Домрачева Надежда Автандиловна | E11: ='Информация о Чемпионате'!B13 -> nadezhda.domracheva@spbfarmt.ru | G11: ='Информация о Чемпионате'!B14 -> 79046412370
A12: Количество экспертов (ЭН+ГЭ+ИЭ) + ТАП: | C12: ='Информация о Чемпионате'!B17 -> 22
A13: Количество конкурсантов: | C13: ='Информация о Чемпионате'!B15 -> 15
A14: Количество рабочих мест: | C14: ='Информация о Чемпионате'!B16 -> 5
A15: Даты проведения: | C15: ='Информация о Чемпионате'!B8 -> 29.11.2026 - 04.12.2026
A16: Особые правила компетенции: Все рецептурные препараты используются исключительно в качестве учебного материала для отработки навыков фармацевтической экспертизы рецепта и отпуска по рецепту, и должны храниться в закрытых шкафах («за прилавком»)
A17: Рабочее место Конкурсанта (расходные материалы по количеству конкурсантов)
A18: № | B18: Наименование | C18: Краткие (рамочные) технические характеристики | D18: Вид | E18: Количество на одного конкурсанта | F18: Единица измерения | G18: Итоговое количество | H18: Примечание
A19: 1 | B19: Капсулы вощенные | C19: Капсулы вощенные 100х100мм 100 шт. | D19: Расходные материалы | E19: 2 | F19: уп | G19: 30
A20: 2 | B20: Пергамент | C20: Пергамент разрезанный на пернаментные капсулы 100х100 мм 100 шт | D20: Расходные материалы | E20: 2 | F20: уп | G20: 30
A21: 3 | B21: Пергамент | C21: Пергамент 1000х1000 мм | D21: Расходные материалы | E21: 2 | F21: шт | G21: 30
A22: 4 | B22: Пакеты бумажные крафт 14х30,5 см (100 шт) | C22: Пакеты бумажные крафт 14х30,5 см (100 шт) | D22: Расходные материалы | E22: 1 | F22: уп | G22: 1
A23: 5 | B23: Аскорбиновая кислота | C23: Кристаллический порошок | D23: Расходные материалы | E23: 0.5 | F23: кг | G23: 0,5
A24: 6 | B24: Димедрол (дифенгидрамин) | C24: Белый или почти белый кристаллический порошок, либо бесцветные кристал­ лы без запаха, горький на вкус. Очень мало растворим в воде, легко растворим в 96. % спирте, эфире, хлороформе, умеренно растворим в кислоте хлористоводородной разведенной. | D24: Расходные материалы | E24: 0.5 | F24: кг | G24: 0,5
A25: 7 | B25: Рибофлавин | C25: Белый кристаллический порошок. | D25: Расходные материалы | E25: 0.5 | F25: кг | G25: 0.5
A26: 8 | B26: Глюкоза (декстроза) | C26: Бесцветные игольчатые кристаллы или от белого до почти белого цвета мелкокристаллический порошок. | D26: Расходные материалы | E26: 0.5 | F26: кг | G26: 0.5
A27: 9 | B27: Стрептоцид (сульфониламид) | C27: Белые или бесцветные мелкие игольчатые кристаллы или кристаллический порошок от белого до почти белого цвета. | D27: Расходные материалы | E27: 0.5 | F27: кг | G27: 0.5
A28: 10 | B28: Салициловая кислота | C28: Твердое вещество от светло-жёлтого до жёлтого цвета, в виде полупрозрачных листков, кусков, гранул или порошка. | D28: Расходные материалы | E28: 0.5 | F28: кг | G28: 0.5
A29: 11 | B29: Цинка окись | C29: Белые или бесцветные мелкие игольчатые кристаллы или кристаллический порошок от белого до почти белого цвета. | D29: Расходные материалы | E29: 1 | F29: кг | G29: 1
A30: 12 | B30: Тальк | C30: кристалический порошок белого цвета | D30: Расходные материалы | E30: 1 | F30: кг | G30: 1
A31: 13 | B31: Крахмал | C31: Аморфный белый порошок | D31: Расходные материалы | E31: 0.5 | F31: кг | G31: 0.5
A32: 14 | B32: Глицерин | C32: Бесцветная вязкая жидкость без запаха | D32: Расходные материалы | E32: 1 | F32: кг | G32: 1
A33: 15 | B33: Никотиновая кислота | C33: Белый кристаллический порошок без запаха | D33: Расходные материалы | E33: 1 | F33: кг | G33: 1
A34: 16 | B34: Натрия бромид | C34: мелкокристаллический порошок белого цвета | D34: Расходные материалы | E34: 0.5 | F34: кг | G34: 0.5
A35: 17 | B35: Настойка валерианы | C35: Бесцветная жидкость | D35: Расходные материалы | E35: 1 | F35: литр | G35: 1
A36: 18 | B36: Протаргол (серебра протеинат) | C36: Коричневый порошок | D36: Расходные материалы | E36: 0.5 | F36: кг | G36: 0.5
A37: 19 | B37: Экстракт корня алтея сухой | C37: порошок белого цвета | D37: Расходные материалы | E37: 0.5 | F37: кг | G37: 0.5
A38: 20 | B38: Натрия бензоат | C38: мелкокристаллический порошок белого цвета | D38: Расходные материалы | E38: 0.5 | F38: кг | G38: 0.5
A39: 21 | B39: Натрия гидрокарбонат | C39: мелкокристаллический порошок белого цвета | D39: Расходные материалы | E39: 0.5 | F39: кг | G39: 0.5
A40: 22 | B40: Нашатырно-анисовые капли | C40: Бесцветная жидкость | D40: Расходные материалы | E40: 1 | F40: литр | G40: 1
A41: 23 | B41: Вазелин | C41: Однородная, тянущаяся нитями мазеобразная масса без запаха, белого или желтоватого цвета | D41: Расходные материалы | E41: 2 | F41: кг | G41: 2
A42: 24 | B42: Аминофиллин | C42: Белый или белый с желтоватым оттенком кристаллический порошок либо гранулы. Имеет слабый аммиачный запах (обусловлен этилендиамином в составе) и горьковатый вкус. | D42: Расходные материалы | E42: 1 | F42: кг | G42: 1
A43: 25 | B43: Ланолин | C43: Однородная, тянущаяся нитями мазеобразная масса без запаха, белого или желтоватого цвета | D43: Расходные материалы | E43: 2 | F43: кг | G43: 2
A44: 26 | B44: Прокаин | D44: Расходные материалы | E44: 1 | F44: кг | G44: 1
A45: 27 | B45: Папаверина гидрохлорид | C45: белый или почти белый кристаллический порошок либо белые кристаллы (в зависимости от способа кристаллизации). Без запаха, на вкус слегка горьковатый. | D45: Расходные материалы | E45: 0.5 | F45: кг | G45: 0.5
A46: 28 | B46: Бензокаин | C46: Внешний вид. Белый или почти белый кристаллический порошок либо бесцветные кристаллы. Запах. Отсутствует. Вкус. Слегка горький. | D46: Расходные материалы | E46: 0.5 | F46: кг | G46: 0.5
A47: 29 | B47: Кислота бензойная | C47: Внешний вид: бесцветные игольчатые кристаллы или белый кристаллический порошок. Запах: слабый характерный. | D47: Расходные материалы | E47: 0.5 | F47: кг | G47: 0.5
A48: 30 | B48: Раствор адреналина гидрохлорида для инъекций 0,1% №10 амп. | C48: Прозрачная жидкость — бесцветная или слегка желтоватая, с характерным запахом. | D48: Расходные материалы | E48: 1 | F48: уп | G48: 5
A49: 31 | B49: Набор этикеток для оформления ЛФ «Внутреннее», «Наружное», «Хранить в прохладном месте», «Хранить в защищенном от света месте», «Перед употреблением взбалтывать» | C49: Набор этикеток для оформления ЛФ «Внутреннее», «Наружное», «Хранить в прохладном месте», «Хранить в защищенном от света месте», «Перед употреблением взбалтывать» | D49: Расходные материалы | E49: 10 | F49: набор | G49: 150
A50: 32 | B50: Фильтровальная бумага | C50: Лабораторная фильтровальная бумага 1000х1000 мм | D50: Расходные материалы | E50: 1 | F50: лист | G50: 15
A51: 33 | B51: Вода очищенная | C51: Безцветная, прозрачная жидкость, без запаха и вкуса. | D51: Расходные материалы | E51: 1 | F51: литр | G51: 5
A52: 34 | B52: Банка мазевая широкогорлая 30 гр | C52: Банка мазевая широкогорлая 30 гр | D52: Расходные материалы | E52: 2 | F52: шт ( на 1 участника) | G52: 30
A53: 35 | B53: Банка мазевая широкогорлая 50 гр | C53: Банка мазевая широкогорлая 50 гр | D53: Расходные материалы | E53: 2 | F53: шт ( на 1 участника) | G53: 30
A54: 36 | B54: Банка мазевая широкогорлая 100 гр | C54: Банка мазевая широкогорлая 100 гр | D54: Расходные материалы | E54: 2 | F54: шт ( на 1 участника) | G54: 30
A55: 37 | B55: Банка мазевая широкогорлая 200 гр | C55: Банка мазевая широкогорлая 200 гр | D55: Расходные материалы | E55: 2 | F55: шт ( на 1 участника) | G55: 30
A56: 38 | B56: Крышка для банки мазевой 30 г | C56: Крышка для банки мазевой 30 г | D56: Расходные материалы | E56: 2 | F56: шт ( на 1 участника) | G56: 30
... A69: 51 | B69: Палочка стеклянная, длина 220 мм | C69: Палочка стеклянная, длина 220 мм | D69: Расходные материалы | E69: 10 | F69: шт ( на 1 раб.место) | G69: 50
A70: 52 | B70: Вата медицинская, 250 гр | D70: Расходные материалы | E70: 1 | F70: шт ( на 1 участника) | G70: 15
A71: 53 | B71: Марля, 10 м | D71: Расходные материалы | E71: 2 | F71: шт ( на 1 участника) | G71: 30
A72: 54 | B72: Кассовая лента | C72: Кассовая лента к фискальному регистратору | D72: Расходные материалы | E72: 3 | F72: шт ( на 1 раб.место) | G72: 15
A73: 55 | B73: Омнитус | C73: Лекарственные препараты из списка конкурсного задания от любого поставщика и любого производителя | D73: Расходные материалы | E73: 1 | F73: шт ( на 1 раб.место) | G73: 5
A74: 56 | B74: Коделак Нео | C74: Лекарственные препараты из списка конкурсного задания от любого поставщика и любого производителя | D74: Расходные материалы | E74: 1 | F74: шт ( на 1 раб.место) | G74: 5
A75: 57 | B75: Цетиризин | C75: Лекарственные препараты из списка конкурсного задания от любого поставщика и любого производителя | D75: Расходные материалы | E75: 1 | F75: шт ( на 1 раб.место) | G75: 5
A76: 58 | B76: Хлоргексидин | C76: Лекарственные препараты из списка конкурсного задания от любого поставщика и любого производителя | D76: Расходные материалы | E76: 1 | F76: шт ( на 1 раб.место) | G76: 5
A77: 59 | B77: Перекись водорода | C77: Лекарственные препараты из списка конкурсного задания от любого поставщика и любого производителя | D77: Расходные материалы | E77: 1 | F77: шт ( на 1 раб.место) | G77: 5
A78: 60 | B78: Левомеколь | C78: Лекарственные препараты из списка конкурсного задания от любого поставщика и любого производителя | D78: Расходные материалы | E78: 1 | F78: шт ( на 1 раб.место) | G78: 5
A79: 61 | B79: Фестал | C79: Лекарственные препараты из списка конкурсного задания от любого поставщика и любого производителя | D79: Расходные материалы | E79: 1 | F79: шт ( на 1 раб.место) | G79: 5
A80: 62 | B80: Энзистал | C80: Лекарственные препараты из списка конкурсного задания от любого поставщика и любого производителя | D80: Расходные материалы | E80: 1 | F80: шт ( на 1 раб.место) | G80: 5
A81: 63 | B81: Називин | C81: Лекарственные препараты из списка конкурсного задания от любого поставщика и любого производителя | D81: Расходные материалы | E81: 1 | F81: шт ( на 1 раб.место) | G81: 5
A82: 64 | B82: Тизин | C82: Лекарственные препараты из списка конкурсного задания от любого поставщика и любого производителя | D82: Расходные материалы | E82: 1 | F82: шт ( на 1 раб.место) | G82: 5
A83: 65 | B83: Аквалор софт | C83: Лекарственные препараты из списка конкурсного задания от любого поставщика и любого производителя | D83: Расходные материалы | E83: 1 | F83: шт ( на 1 раб.место) | G83: 5
... A111: 93 | B111: Пенталгин табл. | C111: Лекарственные препараты из списка конкурсного задания от любого поставщика и любого производителя | D111: Расходные материалы | E111: 1 | F111: шт ( на 1 раб.место) | G111: 5
A112: 94 | B112: Найз | C112: Лекарственные препараты из списка конкурсного задания от любого поставщика и любого производителя | D112: Расходные материалы | E112: 1 | F112: шт ( на 1 раб.место) | G112: 5 | H112: При отсутствии возможности закупки реального препарата, допустим муляж полностью имитирующий реальный препарат с внутренним содержимым (блистер с капсулами, инструкция, на упаковке серия, срок годности, рег.номер, и т.д. вся инфрмация реального препарата).
A113: 95 | B113: Нимесил | C113: Лекарственные препараты из списка конкурсного задания от любого поставщика и любого производителя | D113: Расходные материалы | E113: 1 | F113: шт ( на 1 раб.место) | G113: 5 | H113: При отсутствии возможности закупки реального препарата, допустим муляж полностью имитирующий реальный препарат с внутренним содержимым (блистер с капсулами, инструкция, на упаковке серия, срок годности, рег.номер, и т.д. вся инфрмация реального препарата).
A114: 96 | B114: Асепта парадантол гель для десен | C114: Лекарственные препараты из списка конкурсного задания от любого поставщика и любого производителя | D114: Расходные материалы | E114: 1 | F114: шт ( на 1 раб.место) | G114: 5
A115: 97 | B115: Асепта ополаскиватель | C115: Лекарственные препараты из списка конкурсного задания от любого поставщика и любого производителя | D115: Расходные материалы | E115: 1 | F115: шт ( на 1 раб.место) | G115: 5
A116: 98 | B116: Витамин С | C116: Лекарственные препараты из списка конкурсного задания от любого поставщика и любого производителя | D116: Расходные материалы | E116: 1 | F116: шт ( на 1 раб.место) | G116: 5
A117: 99 | B117: Ревит | C117: Лекарственные препараты из списка конкурсного задания от любого поставщика и любого производителя | D117: Расходные материалы | E117: 1 | F117: шт ( на 1 раб.место) | G117: 5
A118: 101 | B118: Салфетки марлевые | C118: Лекарственные препараты из списка конкурсного задания от любого поставщика и любого производителя | D118: Расходные материалы | E118: 1 | F118: шт ( на 1 раб.место) | G118: 5
A119: 102 | B119: Лейкопластырь бактерицидный | C119: Лекарственные препараты из списка конкурсного задания от любого поставщика и любого производителя | D119: Расходные материалы | E119: 1 | F119: шт ( на 1 раб.место) | G119: 5
A120: 103 | B120: Нош-па | C120: Лекарственные препараты из списка конкурсного задания от любого поставщика и любого производителя | D120: Расходные материалы | E120: 1 | F120: шт ( на 1 раб.место) | G120: 5
A121: 104 | B121: Лоперамид | C121: Лекарственные препараты из списка конкурсного задания от любого поставщика и любого производителя | D121: Расходные материалы | E121: 1 | F121: шт ( на 1 раб.место) | G121: 5
A122: 105 | B122: Корень солодки | C122: Лекарственные препараты из списка конкурсного задания от любого поставщика и любого производителя | D122: Расходные материалы | E122: 1 | F122: шт ( на 1 раб.место) | G122: 5
A123: 106 | B123: Супрастин | C123: Лекарственные препараты из списка конкурсного задания от любого поставщика и любого производителя | D123: Расходные материалы | E123: 1 | F123: шт ( на 1 раб.место) | G123: 5
A124: 107 | B124: Гинокомфорт увлажняющий | C124: Лекарственные препараты из списка конкурсного задания от любого поставщика и любого производителя | D124: Расходные материалы | E124: 1 | F124: шт ( на 1 раб.место) | G124: 5
A125: 108 | B125: Регидрон | C125: Лекарственные препараты из списка конкурсного задания от любого поставщика и любого производителя | D125: Расходные материалы | E125: 1 | F125: шт ( на 1 раб.место) | G125: 5
A126: 109 | B126: Азитромицин | C126: Лекарственные препараты из списка конкурсного задания от любого поставщика и любого производителя | D126: Расходные материалы | E126: 1 | F126: шт ( на 1 участника) | G126: 15 | H126: При отсутствии возможности закупки реального препарата, допустим муляж полностью имитирующий реальный препарат с внутренним содержимым (блистер с капсулами, инструкция, на упаковке серия, срок годности, рег.номер, и т.д. вся инфрмация реального препарата).
A127: 110 | B127: Амоксиклав | C127: Лекарственные препараты из списка конкурсного задания от любого поставщика и любого производителя | D127: Расходные материалы | E127: 1 | F127: шт ( на 1 участника) | G127: 15 | H127: При отсутствии возможности закупки реального препарата, допустим муляж полностью имитирующий реальный препарат с внутренним содержимым (блистер с капсулами, инструкция, на упаковке серия, срок годности, рег.номер, и т.д. вся инфрмация реального препарата).
A128: 111 | B128: Бифиформ | C128: Лекарственные препараты из списка конкурсного задания от любого поставщика и любого производителя | D128: Расходные материалы | E128: 1 | F128: шт ( на 1 участника) | G128: 15
A129: 112 | B129: Вата медицинская 100гр | C129: Лекарственные препараты из списка конкурсного задания от любого поставщика и любого производителя | D129: Расходные материалы | E129: 1 | F129: шт ( на 1 участника) | G129: 15
A130: 113 | B130: Гидрохлоротиазид | C130: Лекарственные препараты из списка конкурсного задания от любого поставщика и любого производителя | D130: Расходные материалы | E130: 1 | F130: шт ( на 1 участника) | G130: 15 | H130: При отсутствии возможности закупки реального препарата, допустим муляж полностью имитирующий реальный препарат с внутренним содержимым (блистер с капсулами, инструкция, на упаковке серия, срок годности, рег.номер, и т.д. вся инфрмация реального препарата).
A131: 114 | B131: Тромбо асс | C131: Лекарственные препараты из списка конкурсного задания от любого поставщика и любого производителя | D131: Расходные материалы | E131: 1 | F131: шт ( на 1 участника) | G131: 15
A132: 115 | B132: Грудной сбор №4 | C132: Лекарственные препараты из списка конкурсного задания от любого поставщика и любого производителя | D132: Расходные материалы | E132: 1 | F132: шт ( на 1 участника) | G132: 15
A133: 116 | B133: Ибупрофен | C133: Лекарственные препараты из списка конкурсного задания от любого поставщика и любого производителя | D133: Расходные материалы | E133: 1 | F133: шт ( на 1 участника) | G133: 15
A134: 117 | B134: Лейкопластырь в рулоне 2х500см | C134: Лекарственные препараты из списка конкурсного задания от любого поставщика и любого производителя | D134: Расходные материалы | E134: 1 | F134: шт ( на 1 участника) | G134: 15
A135: 118 | B135: Имодиум | C135: Лекарственные препараты из списка конкурсного задания от любого поставщика и любого производителя | D135: Расходные материалы | E135: 1 | F135: шт ( на 1 участника) | G135: 15
A136: 119 | B136: Гинокомфорт для интимной гигиены | C136: Лекарственные препараты из списка конкурсного задания от любого поставщика и любого производителя | D136: Расходные материалы | E136: 1 | F136: шт ( на 1 участника) | G136: 15
A137: 120 | B137: Валокордин | C137: Лекарственные препараты из списка конкурсного задания от любого поставщика и любого производителя | D137: Расходные материалы | E137: 1 | F137: шт ( на 1 участника) | G137: 15
A138: 121 | B138: Лозап | C138: Лекарственные препараты из списка конкурсного задания от любого поставщика и любого производителя | D138: Расходные материалы | E138: 1 | F138: шт ( на 1 участника) | G138: 15 | H138: При отсутствии возможности закупки реального препарата, допустим муляж полностью имитирующий реальный препарат с внутренним содержимым (блистер с капсулами, инструкция, на упаковке серия, срок годности, рег.номер, и т.д. вся инфрмация реального препарата).
A139: 122 | B139: Пантенол | C139: Лекарственные препараты из списка конкурсного задания от любого поставщика и любого производителя | D139: Расходные материалы | E139: 1 | F139: шт ( на 1 участника) | G139: 15
...

Sheet Личный инструмент конкурсанта
A1: ПРОЕКТ
A2: Инфраструктурный лист для оснащения конкурсной площадки
A3: ='Информация о Чемпионате'!B4 -> Финал Чемпионата по профессиональному мастерству "Профессионалы" 2026 г. Санкт-Петербург
A4: по компетенции
A5: ='Информация о Чемпионате'!B3 -> Фармацевтика (основная)
A6: Личный инструмент конкурсанта
A7: № | B7: Наименование | C7: Краткие (рамочные) технические характеристики | D7: Вид | E7: Количество | F7: Единица измерения | G7: Примечание
A8: 1 | B8: Халат | C8: Белый с длинным рукавом | E8: 1
A9: 2 | B9: Шапочка | C9: Белого цвета | E9: 1
A10: 3 | B10: Сменная обувь с закрытым носком не на высоком каблуке | C10: Подходящие и удобные для безопасного перемещения по площадке | E10: 1

Sheet Лист1
B2: список
B3: Оборудование и инструменты
B4: Мебель
B5: IT-оборудование
B6: ПО
B7: Охрана труда
B8: Расходные материалы
